 Dungeon Crawl Stone Soup version 0.27.1-4-g1640c2035a (webtiles) character file.

Game seed: 12824225687347697837

116 MisterFreud the Skirmisher (level 4, -11/45 HPs)
             Began as a Minotaur Abyssal Knight on Nov 1, 2021.
             Was a Believer of Lugonu.
             Killed from afar by a steam dragon (22 damage)
             ... with a ball of steam
             ... on level 4 of the Dungeon.
             The game lasted 00:02:41 (3278 turns).

MisterFreud the Skirmisher (MiAK)                   Turns: 3278, Time: 00:02:41

Health: -11/45     AC:  7    Str: 17    XL:     4   Next: 70%
Magic:  4/4        EV:  9    Int:  9    God:    Lugonu [**....]
Gold:   140        SH:  0    Dex: 10    Spells: 3/3 levels left

rFire    . . .     SeeInvis .   a - +1 falchion
rCold    . . .     Faith    .   (no shield)
rNeg     . . .     Spirit   .   k - +0 scale mail
rPois    .         Reflect  .   (helmet restricted)
rElec    .         Harm     .   (no cloak)
rCorr    .         Rampage  .   g - +0 pair of gloves
Will     .....                  (no boots)
Stlth    ..........             (no amulet)
HPRegen  0.15/turn              (no ring)
MPRegen  0.09/turn              (no ring)

@: no status effects
A: horns 2, retaliatory headbutt
a: Renounce Religion, Depart the Abyss, Bend Space


You were on level 4 of the Dungeon.
You worshipped Lugonu.
Lugonu was pleased with you.
You visited 1 branch of the dungeon, and saw 4 of its levels.
You visited the Abyss 1 time.

You collected 140 gold pieces.

Inventory:

Hand Weapons
 a - a +1 falchion (weapon)
Missiles
 m - 4 boomerangs
Armour
 b - a +0 leather armour
 g - a +0 pair of gloves (worn)
 k - a +0 scale mail (worn)
Scrolls
 d - 3 scrolls of teleportation {unknown}
 f - a scroll of enchant armour {unknown}
 h - 3 scrolls of magic mapping {unknown}
 i - 4 scrolls of identify {unknown}
 j - a scroll of immolation {unknown}
 o - a scroll of torment {unknown}
Potions
 c - a potion of resistance {unknown}
 e - a potion of invisibility {unknown}
 l - 2 potions of lignification {unknown}
 n - 2 potions of magic {unknown}


   Skills:
 * Level 6.6 Fighting
 - Level 2.6 Long Blades
 - Level 2.4 Armour
 - Level 1.1 Dodging
 - Level 1.7 Invocations


You had 3 spell levels left.
You didn't know any spells.
Your spell library was empty.

Dungeon Overview and Level Annotations

Branches:
Dungeon (4/15)
 Temple: D:4-7

Altars:
Zin

Annotations:
D:4 5 runed translucent doors, Crazy Yiuf


Innate Abilities, Weirdness & Mutations

You have a pair of horns on your head.
You reflexively headbutt those who attack you in melee.


Message History

The ball python bites you but does no damage.
The ball python grabs you. The ball python constricts you.
You barely miss the ball python. The ball python barely misses you.
The ball python constricts you.
The ball python bites you but does no damage.
The ball python constricts you.
You slash the ball python!
You kill the ball python!
Lugonu accepts your kill.
No target in view!
An adder and a goblin come into view.
The goblin shouts!
The goblin moves out of view.
You see here a ball python corpse.
A steam dragon comes into view.
Found a falchion and a glowing gilded ring.
The steam dragon hisses angrily.
The goblin hits you but does no damage.
You hit the adder but do no damage. The adder bites you but does no damage.
The goblin closely misses you.
You hit the adder but do no damage. The adder bites you.
The goblin hits you with a +0 club. The adder bites you but does no damage.
You barely miss the adder. The adder bites you but does no damage.
The goblin barely misses you. You furiously retaliate!
You headbutt the goblin!
You kill the goblin!
Lugonu accepts your kill.
You closely miss the adder. The adder bites you but does no damage.
The steam dragon breathes steam at you. The ball of steam hits you!
The adder bites you.
You hit the steam dragon but do no damage.
You are engulfed in a cloud of scalding steam.
The steam dragon barely misses you.
You riposte.
You hit the steam dragon.
The steam dragon is lightly wounded.
The steam dragon claws you. The adder barely misses you.
The steam dragon bites you. The steam dragon claws you.
* * * LOW HITPOINT WARNING * * *
You see here a ball python corpse.
The steam dragon breathes steam at you. The ball of steam hits you!!
You die...

#.###...### #.## ##..#
#.......# ##.# #..#
#####.######..#####..#
##.................#.#
#..######..######..<.#
#.# ####..S§##..## #.#
#)##)#D#..# #)#
#..#§#..# #.#
..###@#..# #.#
#=##.#.#..# '.##
###)#.##.## #..###+#
#'###..#
##.....######...†)##
##...##8.?8##...##
##..#8....8#..##
#†.+.....o+..#
##.+......+..#


You could see a steam dragon (catching breath).

Vanquished Creatures
  2 adders
  5 dart slugs
  5 orcs (D:3)
  6 ball pythons
  4 bats
  4 endoplasms
  2 giant cockroaches
  13 goblins
  7 hobgoblins
  8 jackals
  7 kobolds
  3 quokkas
  7 frilled lizards (D:1)
  2 rats (D:1)
75 creatures vanquished.

Vanquished Creatures (others)
  6 plants (D:1)
6 creatures vanquished.

Grand Total: 81 creatures vanquished

Notes
Turn   | Place    | Note
-------+----------+-------------------------------------------
     0 | Abyss:1  | MisterFreud the Minotaur Abyssal Knight began the quest for
                  | the Orb.
     0 | Abyss:1  | Reached XP level 1. HP: 19/19 MP: 1/1
    69 | Abyss:1  | Noticed a blizzard demon
    70 | D:1      | Escaped the Abyss
   149 | D:1      | Reached * piety under Lugonu
   150 | D:1      | Reached skill level 4 in Fighting
   330 | D:1      | Reached XP level 2. HP: 27/27 MP: 2/2
   745 | D:1      | Reached skill level 5 in Fighting
   746 | D:1      | Reached XP level 3. HP: 31/36 MP: 3/3
   959 | D:1      | Reached ** piety under Lugonu
  1901 | D:2      | Reached skill level 6 in Fighting
  1901 | D:2      | Reached XP level 4. HP: 44/44 MP: 4/4
  2757 | D:3      | Found a glowing silver altar of Zin.
  2757 | D:3      | Noticed an angel
  3050 | D:4      | Found a runed translucent door.
  3051 | D:4      | Noticed Crazy Yiuf
  3095 | D:4      | Found a large runed translucent door.
  3095 | D:4      | Found a large runed translucent door.
  3105 | D:4      | Identified the amulet of Idealism {Spirit Dex+7 Slay+5}
  3213 | D:4      | Identified the +4 short sword "Tunnis" {vorpal, Drain rPois
                  | Str+4 Dex+4}
  3227 | D:4      | Found a large runed translucent door.
  3227 | D:4      | Found a large runed translucent door.
  3270 | D:4      | Noticed a steam dragon
  3278 | D:4      | Killed from afar by a steam dragon

Illustrated notes

Levels and vault maps discovered:
D:1:      minmay_arrival_semitransparent, layout_basic, minmay_lizard_king
D:2:      layout_loops_corners, serial_rivers, chequers_serial_rivers_micro_d,
          chequers_serial_rivers_micro_d, chequers_serial_rivers_small_3,
          chequers_serial_rivers_room_b, chequers_serial_rivers_small_b,
          chequers_serial_rivers_large_b
D:3:      layout_loops_ring, zin_angel
D:4:      layout_loops_corners, minmay_hollow_rounded_squares,
          uniq_crazy_yiuf_cottage

Skill      XL: |  1  2  3 |
---------------+----------+-----
Fighting       | 4 5 6 |  6.6
Long Blades    | |  2.6
Armour         | |  2.4
Dodging        | |  1.1
Invocations    | |  1.7

Action                   |  1- 3 |  4- 6 || total
-------------------------+-------+-------++-------
Melee: Falchion          |   106 |    50 ||   156
       Headbutt          |    17 |     4 ||    21
Invok: Depart the Abyss  |     1 |       ||     1
Armor: Leather armour    |    39 |     3 ||    42
       Scale mail        |       |    33 ||    33
Dodge: Dodged            |    64 |    30 ||    94
       Rpst.: Falchion   |    15 |     2 ||    17
